3L
GREENVILLE 84S @ BROOKLYN DODGERS
08/21/2034
 
TOP OF THE 1ST
Greenville 84s batting - Pitching for Brooklyn Dodgers : RHP Barney Starr
Pitching: RHP Barney Starr
Batting: RHB Jesús Torres 0-0: Ground out 6-3 (Groundball, 6M)
Batting: LHB Danny Trautmann 0-0: Swinging Strike
0-1: Ball
1-1: Called Strike
1-2: Foul Ball, location: 2F
1-2: Strikes out swinging, 2-3 out at first.
Batting: LHB Tim Stinson 0-0: Ball
1-0: Called Strike
1-1: Called Strike
1-2: Ball
2-2: Ball
3-2: Foul Ball, location: 2F
3-2: Base on Balls
Batting: RHB Doug Allerdale 0-0: Ball
1-0: Foul Ball, location: 2F
1-1: Ball
2-1: Ball
3-1: Base on Balls
Tim Stinson to second
Batting: SHB Jorge Barrios 0-0: Ball
1-0: Ball
2-0: Called Strike
2-1: Foul Ball, location: 2F
2-2: Fly out, F6 (Popup, 6M)
Top of the 1st over - 0 runs, 0 hits, 0 errors, 2 left on base; Greenville 0 - Brooklyn 0
BOTTOM OF THE 1ST
Brooklyn Dodgers batting - Pitching for Greenville 84s : RHP Júlio Valenzuela
Pitching: RHP Júlio Valenzuela
Batting: LHB Alistair Mix 0-0: Ball
1-0: Ball
2-0: Ball
3-0: Base on Balls
Batting: LHB Jérôme Masson 0-0: Called Strike
0-1: Called Strike
0-2: Fly out, F8 (Flyball, 8RXD)
Runner from 1st tags up, SAFE at 2nd
Batting: LHB Avon Barksdale 0-0: Foul Ball, location: 2F
0-1: Swinging Strike
0-2: Ball
1-2: Foul Ball, location: 2F
1-2: Ball
2-2: Strikes out swinging
Batting: SHB Peer van Lochem 0-0: Called Strike
0-1: Ball
1-1: Ball
2-1: Ball
3-1: Foul Ball, location: 2F
3-2: Strikes out swinging
Bottom of the 1st over - 0 runs, 0 hits, 0 errors, 1 left on base; Greenville 0 - Brooklyn 0
TOP OF THE 2ND
Greenville 84s batting - Pitching for Brooklyn Dodgers : RHP Barney Starr
Batting: RHB Edgar Baeza 0-0: Ball
1-0: Ball
2-0: Swinging Strike
2-1: Called Strike
2-2: Strikes out swinging
Batting: LHB Ijsbrand Erkelens 0-0: Called Strike
0-1: Called Strike
0-2: Ball
1-2: Ground out 5-3 (Groundball, 5)
Batting: RHB Vito Middendorf 0-0: Fly out, F3 (Popup, 23F)
Top of the 2nd over - 0 runs, 0 hits, 0 errors, 0 left on base; Greenville 0 - Brooklyn 0
BOTTOM OF THE 2ND
Brooklyn Dodgers batting - Pitching for Greenville 84s : RHP Júlio Valenzuela
Batting: LHB Hugh Hill 0-0: Called Strike
0-1: Foul Ball, location: 2F
0-2: Strikes out swinging
Batting: SHB Félix Medina 0-0: Called Strike
0-1: Foul Ball, location: 2F
0-2: Ball
1-2: Foul Ball, location: 2F
1-2: Ball
2-2: Fly out, F8 (Flyball, 8RS)
Batting: RHB Cooper Lowe 0-0: Called Strike
0-1: Foul Ball, location: 2F
0-2: Strikes out swinging
Bottom of the 2nd over - 0 runs, 0 hits, 0 errors, 0 left on base; Greenville 0 - Brooklyn 0
TOP OF THE 3RD
Greenville 84s batting - Pitching for Brooklyn Dodgers : RHP Barney Starr
Batting: RHB Scott Dourque 0-0: Ball
1-0: Foul Ball, location: 2F
1-1: Ground out 5-3 (Groundball, 56S)
Batting: RHB Jesús Torres 0-0: Ball
1-0: Fly out, F7 (Flyball, 7D)
Batting: LHB Danny Trautmann 0-0: Foul Ball, location: 2F
0-1: Ball
1-1: Ground out 6-3 (Groundball, 6)
Top of the 3rd over - 0 runs, 0 hits, 0 errors, 0 left on base; Greenville 0 - Brooklyn 0
BOTTOM OF THE 3RD
Brooklyn Dodgers batting - Pitching for Greenville 84s : RHP Júlio Valenzuela
Batting: SHB Tommy Dreamer 0-0: Ball
1-0: Ball
2-0: Foul Ball, location: 2F
2-1: Ball
3-1: Foul Ball, location: 2F
3-2: Ground out 6-3 (Groundball, 6)
Batting: RHB Chan-Wook Park 0-0: Called Strike
0-1: Foul Ball, location: 2F
0-2: Ball
1-2: Strikes out swinging
Batting: LHB Alistair Mix 0-0: Ball
1-0: Foul Ball, location: 2F
1-1: Foul Ball, location: 2F
1-2: Ball
2-2: Strikes out swinging
Bottom of the 3rd over - 0 runs, 0 hits, 0 errors, 0 left on base; Greenville 0 - Brooklyn 0
TOP OF THE 4TH
Greenville 84s batting - Pitching for Brooklyn Dodgers : RHP Barney Starr
Batting: LHB Tim Stinson 0-0: Ball
1-0: Called Strike
1-1: Foul Ball, location: 2F
1-2: Ball
2-2: Ball
3-2: Base on Balls
Batting: RHB Doug Allerdale 0-0: Called Strike
0-1: Ball
1-1: Called Strike
1-2: Foul Ball, location: 2F
1-2: Ball
2-2: Foul Ball, location: 2F
2-2: Grounds into double play, 4-6-3 (Groundball, 4)
Batting: SHB Jorge Barrios 0-0: Swinging Strike
0-1: Swinging Strike
0-2: Ball
1-2: Ball
2-2: Strikes out swinging
Top of the 4th over - 0 runs, 0 hits, 0 errors, 0 left on base; Greenville 0 - Brooklyn 0
BOTTOM OF THE 4TH
Brooklyn Dodgers batting - Pitching for Greenville 84s : RHP Júlio Valenzuela
Batting: LHB Jérôme Masson 0-0: Ball
1-0: Swinging Strike
1-1: Foul Ball, location: 2F
1-2: Foul Ball, location: 2F
1-2: Ball
2-2: Ball
3-2: Strikes out swinging
Batting: LHB Avon Barksdale 0-0: Foul Ball, location: 2F
0-1: Called Strike
0-2: SINGLE (Groundball, 4D)
Batting: SHB Peer van Lochem 0-0: Called Strike
0-1: Called Strike
0-2: Strikes out looking
Batting: LHB Hugh Hill 0-0: Ball
1-0: Called Strike
1-1: Foul Ball, location: 2F
1-2: Hit by Pitch
Avon Barksdale to second
Batting: SHB Félix Medina 0-0: Ball
1-0: Ball
2-0: Ball
3-0: Called Strike
3-1: Ground out 3-1 (Groundball, 34)
Bottom of the 4th over - 0 runs, 1 hit, 0 errors, 2 left on base; Greenville 0 - Brooklyn 0
TOP OF THE 5TH
Greenville 84s batting - Pitching for Brooklyn Dodgers : RHP Barney Starr
Batting: RHB Edgar Baeza 0-0: Ball
1-0: Ball
2-0: Foul Ball, location: 2F
2-1: Ball
3-1: Base on Balls
Batting: LHB Ijsbrand Erkelens 0-0: Sac Bunt - play at first, batter OUT! 5-3
Edgar Baeza to second
Batting: RHB Vito Middendorf 0-0: Called Strike
0-1: Ball
1-1: Ball
2-1: Fly out, F8 (Flyball, 8RXD)
Runner from 2nd tags up, SAFE at 3rd, no throw
Batting: RHB Scott Dourque 0-0: Ball
1-0: Called Strike
1-1: Ball
2-1: Ground out 6-3 (Groundball, 6)
Top of the 5th over - 0 runs, 0 hits, 0 errors, 1 left on base; Greenville 0 - Brooklyn 0
BOTTOM OF THE 5TH
Brooklyn Dodgers batting - Pitching for Greenville 84s : RHP Júlio Valenzuela
Batting: RHB Cooper Lowe 0-0: Ball
1-0: Swinging Strike
1-1: Ball
2-1: Fly out, F7 (Flyball, 7)
Batting: SHB Tommy Dreamer 0-0: Ball
1-0: Ground out 5-3 (Groundball, 56)
Batting: RHB Chan-Wook Park 0-0: Ball
1-0: Called Strike
1-1: Foul Ball, location: 2F
1-2: Ball
2-2: Ground out 1-3 (Groundball, 15S)
Bottom of the 5th over - 0 runs, 0 hits, 0 errors, 0 left on base; Greenville 0 - Brooklyn 0
TOP OF THE 6TH
Greenville 84s batting - Pitching for Brooklyn Dodgers : RHP Barney Starr
Batting: RHB Jesús Torres 0-0: Called Strike
0-1: Ball
1-1: Ball
2-1: Ground out 5-3 (Groundball, 56)
Batting: LHB Danny Trautmann 0-0: Fly out, F6 (Line Drive, 6M)
Batting: LHB Tim Stinson 0-0: Called Strike
0-1: Ball
1-1: Swinging Strike
1-2: Strikes out swinging
Top of the 6th over - 0 runs, 0 hits, 0 errors, 0 left on base; Greenville 0 - Brooklyn 0
BOTTOM OF THE 6TH
Brooklyn Dodgers batting - Pitching for Greenville 84s : RHP Júlio Valenzuela
Batting: LHB Alistair Mix 0-0: Called Strike
0-1: SINGLE (Flyball, 7LS)
Pitching: LHP Kanakanui Lokomaikainani
Batting: LHB Jérôme Masson 0-0: Called Strike
0-1: Ball
1-1: Sac Bunt - play at first, batter safe!
Alistair Mix to second
Batting: LHB Avon Barksdale 0-0: Called Strike
Alistair Mix is caught stealing 3rd base
0-1: Ball
1-1: Ball
Wild Pitch!
Jérôme Masson to second
2-1: Fly out, F8 (Line Drive, 8RD)
Runner from 2nd tags up, SAFE at 3rd with throw
Batting: SHB Peer van Lochem 0-0: Called Strike
0-1: Ball
1-1: Ball
2-1: Swinging Strike
2-2: Strikes out swinging
Bottom of the 6th over - 0 runs, 2 hits, 0 errors, 1 left on base; Greenville 0 - Brooklyn 0
TOP OF THE 7TH
Greenville 84s batting - Pitching for Brooklyn Dodgers : RHP Barney Starr
Batting: RHB Doug Allerdale 0-0: Ball
1-0: Ball
2-0: Foul Ball, location: 2F
2-1: Called Strike
2-2: Strikes out looking
Batting: SHB Jorge Barrios 0-0: Foul Ball, location: 2F
0-1: Foul Ball, location: 2F
0-2: Strikes out swinging, 2-3 out at first.
Batting: RHB Edgar Baeza 0-0: Ball
1-0: Called Strike
1-1: Foul Ball, location: 2F
1-2: SINGLE (Flyball, 78M)
Pitching: LHP Pedro Alejándrez
Pinch Hitting: RHB Thom Beach 0-0: Foul Ball, location: 2F
0-1: Fielders Choice at 2nd, 5-4 (Groundball, 56)
Top of the 7th over - 0 runs, 1 hit, 0 errors, 1 left on base; Greenville 0 - Brooklyn 0
BOTTOM OF THE 7TH
Brooklyn Dodgers batting - Pitching for Greenville 84s : LHP Kanakanui Lokomaikainani
Pitching: LHP Brandeis Vogt
Now at SS: Thom Beach
Batting: LHB Hugh Hill 0-0: Ball
1-0: Called Strike
1-1: Ball
2-1: Foul Ball, location: 2F
2-2: Ball
3-2: Base on Balls
Pinch Runner at 1st Roberto Soto:
Batting: SHB Félix Medina 0-0: Called Strike
0-1: Foul Ball, location: 2F
0-2: Ball
1-2: Strikes out swinging
Batting: RHB Cooper Lowe 0-0: Ball
1-0: Ball
2-0: Called Strike
2-1: Called Strike
2-2: Strikes out swinging
Batting: SHB Tommy Dreamer 0-0: Called Strike
Roberto Soto steals 2nd base
0-1: Ground out 5-3 (Groundball, 56)
Bottom of the 7th over - 0 runs, 0 hits, 0 errors, 1 left on base; Greenville 0 - Brooklyn 0
TOP OF THE 8TH
Greenville 84s batting - Pitching for Brooklyn Dodgers : LHP Pedro Alejándrez
Now at 2B: Roberto Soto
Batting: RHB Vito Middendorf 0-0: Ground out 6-3 (Groundball, 6)
Batting: RHB Scott Dourque 0-0: Ball
1-0: Called Strike
1-1: Ball
2-1: Called Strike
2-2: Fly out, F6 (Line Drive, 56)
Batting: RHB Jesús Torres 0-0: SINGLE (Groundball, 25) (infield hit)
Pinch Runner at 1st Yasuhide Nakashima:
Batting: LHB Danny Trautmann 0-0: Ball
1-0: Ball
2-0: SINGLE (Line Drive, 56D)
Yasuhide Nakashima to second
Runner from 2nd tries for 3rd, SAFE, no throw
Batting: LHB Tim Stinson 0-0: Called Strike
0-1: Swinging Strike
0-2: Foul Ball, location: 2F
0-2: Foul Ball, location: 2F
0-2: Ball
1-2: Strikes out swinging
Top of the 8th over - 0 runs, 2 hits, 0 errors, 2 left on base; Greenville 0 - Brooklyn 0
BOTTOM OF THE 8TH
Brooklyn Dodgers batting - Pitching for Greenville 84s : LHP Brandeis Vogt
Now in LF: Yasuhide Nakashima
Batting: RHB Chan-Wook Park 0-0: Foul Ball, location: 2F
0-1: Foul Ball, location: 2F
0-2: Strikes out swinging
Pinch Hitting: RHB Ilkka Haapajarvi 0-0: Ground out 5-3 (Groundball, 56S)
Batting: LHB Jérôme Masson 0-0: Swinging Strike
0-1: Called Strike
0-2: Ball
1-2: Ball
2-2: Foul Ball, location: 2F
2-2: Foul Ball, location: 2F
2-2: Strikes out swinging
Bottom of the 8th over - 0 runs, 0 hits, 0 errors, 0 left on base; Greenville 0 - Brooklyn 0
TOP OF THE 9TH
Greenville 84s batting - Pitching for Brooklyn Dodgers : LHP Pedro Alejándrez
Pitching: RHP Harrison Tuff
Now at 2B: Ilkka Haapajarvi
Batting: RHB Doug Allerdale 0-0: Foul Ball, location: 2F
0-1: Foul Ball, location: 2F
0-2: Ball
1-2: Ball
2-2: SINGLE (Line Drive, 56D)
Pinch Runner at 1st Kai-xi Choe:
Batting: SHB Jorge Barrios 0-0: Ball
1-0: Called Strike
1-1: Ball
2-1: Foul Ball, location: 2F
2-2: Foul Ball, location: 2F
2-2: Ball
3-2: Ground out 4-3 (Groundball, 34)
Kai-xi Choe to second
Batting: RHB Edgar Baeza 0-0: Intentional Walk
Batting: RHB Thom Beach 0-0: Fly out, F5 (Popup, 56S)
Batting: RHB Vito Middendorf 0-0: Ball
1-0: SINGLE (Flyball, 8LS)
Kai-xi Choe to third
Edgar Baeza to second
Runner from 3rd tries for Home, SAFE, throw made home
Batting: RHB Scott Dourque 0-0: Swinging Strike
0-1: Swinging Strike
0-2: Ball
1-2: Ball
2-2: SINGLE (Line Drive, 78S)
Edgar Baeza to third
Vito Middendorf to second
Runner from 3rd tries for Home, SAFE, no throw
Batting: RHB Yasuhide Nakashima 0-0: Called Strike
0-1: Called Strike
0-2: Ball
1-2: Ball
2-2: Strikes out looking
Top of the 9th over - 2 runs, 3 hits, 0 errors, 2 left on base; Greenville 2 - Brooklyn 0
BOTTOM OF THE 9TH
Brooklyn Dodgers batting - Pitching for Greenville 84s : LHP Brandeis Vogt
Now at 1B: Kai-xi Choe
Batting: LHB Avon Barksdale 0-0: Called Strike
0-1: Foul Ball, location: 2F
0-2: Ball
1-2: Strikes out looking
Batting: SHB Peer van Lochem 0-0: Called Strike
0-1: SOLO HOME RUN (Flyball, 7LD), Distance : 350 ft
Pinch Hitting: RHB Gerald Clark 0-0: Reached via error on a dropped throw, E3
Pitching: RHP Kyle Buckman
Batting: SHB Félix Medina 0-0: Ball
1-0: Ball
2-0: Ball
Wild Pitch!
Gerald Clark to second
3-0: Foul Ball, location: 2F
3-1: Foul Ball, location: 2F
3-2: Base on Balls
Pinch Runner at 2nd Júlio Madrid:
Batting: RHB Cooper Lowe 0-0: Called Strike
0-1: Ball
1-1: Foul Ball, location: 2F
1-2: Ball
2-2: Strikes out swinging
Batting: SHB Tommy Dreamer 0-0: Swinging Strike
0-1: Swinging Strike
0-2: Strikes out swinging
Bottom of the 9th over - 1 run, 1 hit, 1 error, 2 left on base; Greenville 2 - Brooklyn 1
Friday, March 29th, 2019 - OOTP Baseball 18.8 Build 76